 Dungeon Crawl Stone Soup version 0.27.1-4-g1640c2035a (webtiles) character file.

Game seed: 2140338260743467036

212 bearlyready the Cudgeller (level 5, -2/54 HPs)
             Began as an Ogre Berserker on Nov 11, 2021.
             Was a Believer of Trog.
             Slain by an orc wizard (3 damage)
             ... on level 3 of the Dungeon.
             The game lasted 00:03:33 (3307 turns).

bearlyready the Cudgeller (Ogre Berserker)          Turns: 3307, Time: 00:03:33

Health: -2/54      AC:  3    Str: 22    XL:     5   Next: 89%
Magic:  5/5        EV: 10    Int:  8    God:    Trog [**....]
Gold:   75         SH:  0    Dex:  8    Spells: 4/4 levels left

rFire    . . .     SeeInvis .   a - +0 mace
rCold    . . .     Faith    .   (no shield)
rNeg     . . .     Spirit   .   b - +0 animal skin
rPois    .         Reflect  .   (helmet restricted)
rElec    .         Harm     .   (no cloak)
rCorr    .         Rampage  .   (gloves unavailable)
Will     .....                  (boots unavailable)
Stlth    +.........             (no amulet)
HPRegen  0.18/turn              (no ring)
MPRegen  0.09/turn              (no ring)

@: confused, on berserk cooldown, slowed, very slow
A: large, unfitting armour, tough skin 1
a: Renounce Religion, Berserk, Trog's Hand


You were on level 3 of the Dungeon.
You worshipped Trog.
Trog was pleased with you.
You visited 1 branch of the dungeon, and saw 3 of its levels.

You collected 75 gold pieces.

Inventory:

Hand Weapons
 a - a +0 mace (weapon)
Missiles
 e - 3 stones
 f - 11 poisoned darts (quivered)
Armour
 b - a +0 animal skin (worn)
Scrolls
 c - a scroll of summoning {unknown}
 d - a scroll of blinking {unknown}
 g - a scroll of magic mapping {unknown}
 h - a scroll of enchant weapon {unknown}
 i - a scroll of teleportation {unknown}
 j - a scroll of immolation {unknown}
 k - a scroll of vulnerability {unknown}


   Skills:
 - Level 4.0 Fighting
 + Level 5.8 Maces & Flails
 - Level 2.6 Dodging


You had 4 spell levels left.
You didn't know any spells.
Your spell library was empty.

Dungeon Overview and Level Annotations

Branches:
Dungeon (3/15)

Altars:


Innate Abilities, Weirdness & Mutations

You are too large for most types of armour.
You have tough skin. (AC +1)


Message History

Reactivating autopickup.
The orc wizard hits you with a +0 dagger.
* * * LOW HITPOINT WARNING * * *
You aren't carrying any potions.
Unknown command.
You are too confused!
The orc wizard mumbles some strange words.
The orc wizard flickers and vanishes!
Deactivating autopickup; reactivate with Ctrl-A.
Something hits you.
* * * LOW HITPOINT WARNING * * *
You aren't carrying any potions.
Something hits you.
* * * LOW HITPOINT WARNING * * *
Things that are here:
a +0 club; a +0 chain mail; an orc corpse You miss something.
You hear some strange, mumbled words.
You are more confused.
Something hits you but does no damage.
You miss something. Something hits you.
* * * LOW HITPOINT WARNING * * *
Something hits you but does no damage.
You hear some strange, mumbled words.
A magic dart appears from out of thin air!
The magic dart hits you.
* * * LOW HITPOINT WARNING * * *
You hit something. Something hits you.
* * * LOW HITPOINT WARNING * * *
Something completely misses you.
You aren't carrying any potions.
You are too confused!
You are too confused!
Unknown command.
You hit something but do no damage. Something hits you.
* * * LOW HITPOINT WARNING * * *
You're too confused to move!
Something hits you.
* * * LOW HITPOINT WARNING * * *
Something hits you.
You die...

......... #.#.#
........ #.... ...)..
....# #...# #.#.#
#...# ##.#.# ##...##
# #.<#.# #.>)..#
#.##.##.# #..).)#
#....†... #.@{..#
####.###.
#....#########...<.
#.###..P.#..P.###.#
##...P...#.P...P.##
.##P.....P#P.P.P..##
#.......P.#...PPP...
#.....P..._..P.P.P.:
#...P....P#.PP....PP
#.##P..PP..#P.).P.P##


There were no monsters in sight!

Vanquished Creatures
  An orc priest (D:3)
  A gnoll shaman (D:1)
  4 gnolls (D:2)
  5 adders (D:2)
  A worm (D:3)
  4 dart slugs
  2 orcs (D:3)
  3 ball pythons
  5 endoplasms
  A giant cockroach (D:2)
  5 goblins
  10 hobgoblins
  2 quokkas (D:1)
  4 bats
  A frilled lizard (D:1)
  5 kobolds
  3 rats
57 creatures vanquished.

Vanquished Creatures (others)
  A demonic plant (D:3)
  A plant (D:3)
2 creatures vanquished.

Grand Total: 59 creatures vanquished

Notes
Turn   | Place    | Note
-------+----------+-------------------------------------------
     0 | D:1      | bearlyready the Ogre Berserker began the quest for the Orb.
     0 | D:1      | Reached XP level 1. HP: 24/24 MP: 1/1
   241 | D:1      | Reached skill level 3 in Maces & Flails
   251 | D:1      | Reached XP level 2. HP: 23/32 MP: 2/2
   826 | D:1      | Reached XP level 3. HP: 39/39 MP: 3/3
   898 | D:1      | Reached ** piety under Trog
  1303 | D:2      | Reached skill level 4 in Maces & Flails
  1587 | D:2      | Reached XP level 4. HP: 43/48 MP: 4/4
  2076 | D:1      | Reached skill level 5 in Maces & Flails
  2307 | D:2      | Reached XP level 5. HP: 54/54 MP: 5/5
  3146 | D:3      | Found a faded altar of an unknown god.
  3307 | D:3      | HP: 1/54 [something (3)]
  3307 | D:3      | Slain by an orc wizard

Illustrated notes

Levels and vault maps discovered:
D:1:      scummos_arrival_star, layout_basic, hex_large
D:2:      minmay_angry_zag, layout_loops_ring, kennysheep_donut
D:3:      layout_loops_cross, shapermc_ecumenical_altar_gd

Skill      XL: |  1  2  3  4 |
---------------+-------------+-----
Maces & Flails | 3 4 5 |  5.8
Fighting       | |  4.0
Dodging        | |  2.6

Action                   |  1- 3 |  4- 6 || total
-------------------------+-------+-------++-------
Melee: Mace              |   117 |   107 ||   224
Throw: Dart              |       |    10 ||    10
Invok: Berserk           |       |     4 ||     4
 Stab: Sleeping          |     1 |       ||     1
Armor: Animal skin       |    32 |    22 ||    54
Dodge: Dodged            |    75 |    49 ||   124
